 Dungeon Crawl Stone Soup version 0.23-a0-650-ga4d50d4 (webtiles) character file.

81 Borgoz the Sneak (level 4, -1/27 HPs)
             Began as a Kobold Assassin on Jan 5, 2019.
             Succumbed to an adder's poison
             ... on level 1 of the Dungeon.
             The game lasted 00:03:12 (1556 turns).

Borgoz the Sneak (Kobold Assassin)                  Turns: 1556, Time: 00:03:13

Health: -1/27      AC:  3    Str:  8    XL:     4   Next: 68%
Magic:  13/13      EV: 15    Int: 12    God:
Gold:   91         SH:  0    Dex: 17    Spells: 3/3 levels left

rFire    . . .     SeeInvis .   a - +2 dagger
rCold    . . .     Gourm    .   (shield restricted)
rNeg     . . .     Faith    .   c - +0 robe
rPois    .         Spirit   .   (no helmet)
rElec    .         Reflect  .   d - +0 cloak
rCorr    .         Harm     .   (no gloves)
MR       .....                  (no boots)
Stlth    ++++......             (no amulet)
HPRegen  0.09/turn              l - ring of magical power
MPRegen  0.13/turn              (no ring)

@: lethally poisoned (-1 -> -10), berserk cooldown, slowed, very slow
A: small, carnivore
a: no special abilities


You were on level 1 of the Dungeon.
You were very full.

You visited 1 branch of the dungeon, and saw 2 of its levels.

You collected 91 gold pieces.

Inventory:

Hand Weapons
 a - a +2 dagger (weapon)
 b - a +0 blowgun
Missiles
 e - 8 poisoned needles
 f - 2 curare-tipped needles
Armour
 c - a +0 robe (worn)
 d - a +0 cloak (worn)
 k - a +0 ring mail
Jewellery
 l - a ring of magical power (left hand)
Scrolls
 i - a scroll of identify {unknown}
 m - 2 scrolls of remove curse {unknown}
 n - a scroll of amnesia {unknown}
 p - a scroll of enchant armour {unknown}
Potions
 h - 3 potions of haste
 o - a potion of ambrosia {unknown}
Comestibles
 g - 2 rations


   Skills:
 + Level 2.6 Fighting
 + Level 3.7 Short Blades
 - Level 2.1 Throwing
 + Level 2.2 Dodging
 + Level 6.6 Stealth


You had 3 spell levels left.
You didn't know any spells.
Your spell library was empty.

Dungeon Overview and Level Annotations

Branches:
Dungeon (2/15)

Altars:


Innate Abilities, Weirdness & Mutations

You are small and have problems with some larger weapons.
You are carnivorous and can eat meat at any time.


Message History

* * * LOW HITPOINT WARNING * * *
You feel sick. The quokka completely misses you.
You see here a +0 club.
You feel a strong urge to attack something.
* * * LOW HITPOINT WARNING * * *
You feel sick.
The quokka bites you but does no damage.
There is a stone staircase leading down here.
You hit the quokka.
You kill the quokka!
* * * LOW HITPOINT WARNING * * *
You feel sick.
You are too berserk!
You feel a strong urge to attack something.
* * * LOW HITPOINT WARNING * * *
You feel sick.
You are no longer berserk.
You are exhausted.
You feel yourself slow down.
You die...

##...##.....### ###
##########...## #
###..# # ##.###
#...#######
###........
###########.........
#...........##......
#..@.########.......
#....# #....)รท...
##.### ###.##......
#.# ##...##...... #>#
##..##........ #)#
#..##..(......
#.##############..#
###.#......^####...##
#.....#####.##......#


There were no monsters in sight!

Vanquished Creatures
  3 adders
  An ooze (D:1)
  A worm (D:2)
  2 dart slugs
  A leopard gecko (D:1)
  A ball python (D:1)
  A goblin (D:1)
  4 hobgoblins (D:1)
  8 jackals
  2 quokkas
  4 bats
  7 frilled lizards
  4 kobolds
  3 rats
42 creatures vanquished.

Notes
Turn   | Place    | Note
-------+----------+-------------------------------------------
     0 | D:1      | Borgoz the Kobold Assassin began the quest for the Orb.
     0 | D:1      | Reached XP level 1. HP: 12/12 MP: 1/1
    91 | D:1      | Reached XP level 2. HP: 12/17 MP: 2/2
   315 | D:1      | Reached skill level 6 in Stealth
   468 | D:1      | Reached XP level 3. HP: 20/22 MP: 3/3
   793 | D:2      | HP: 1/22 [poisoned by an adder]
   889 | D:2      | Reached XP level 4. HP: 17/27 MP: 4/4
  1554 | D:1      | HP: 2/40 [poisoned by an adder]
  1556 | D:1      | Succumbed to an adder's poison

Vault maps used:
D:1:      evilmike_arrival_hilbert_curve, corner_web_ring
D:2:      st_stairs_1, minmay_pentomino_o4, uniq_terence

Skill      XL: |  1  2  3 |
---------------+----------+-----
Stealth        | 6 |  6.6
Short Blades   | 3 |  3.7
Dodging        | 2 |  2.2
Fighting       | |  2.6
Throwing       | |  2.1

Action                   |  1- 3 |  4- 6 || total
-------------------------+-------+-------++-------
Melee: Dagger            |   140 |    52 ||   192
  Use: Potion            |     2 |     1 ||     3
 Stab: Sleeping          |     7 |     2 ||     9
  Eat: Chunk             |     8 |     1 ||     9
Armor: Robe              |    28 |     4 ||    32
Dodge: Dodged            |   106 |    33 ||   139

Table legend:
 A = Non-vault XP
 B = Vault XP
 C = Vault XP percentage of total XP
 D = Non-vault monster count
 E = Vault monster count
 F = Vault count percentage of total count
                 A         B        C        D         E       F
            +---------+---------+-------+---------+---------+-------
      Total |      94 |      23 |  19.7 |      38 |       4 |   9.5
            +---------+---------+-------+---------+---------+-------
        D:1 |      59 |      16 |  21.3 |      25 |       2 |   7.4
        D:2 |      35 |       7 |  16.7 |      13 |       2 |  13.3
            +---------+---------+-------+---------+---------+-------
